 Dungeon Crawl Stone Soup version 0.18-a0-1220-g2dc6208 (webtiles) character file.

48 Psiweapon the Chucker (level 3, -1/36 HPs)
             Began as an Ogre Hunter on Feb 3, 2016.
             Slain by an orc wizard
             ... wielding a +0 dagger of freezing
              (3 damage)
             ... on level 3 of the Dungeon.
             The game lasted 00:05:31 (1055 turns).

Psiweapon the Chucker (Ogre Hunter)                 Turns: 1055, Time: 00:05:31

Health: -1/36      AC:  6    Str: 17    XL:     3   Next: 72%
Magic:  3/3        EV: 10    Int: 11    God:
Gold:   75         SH:  0    Dex: 10    Spells: 0 memorised, 2 levels left

rFire  . . .     SeeInvis .     a - +0 club
rCold  . . .     Gourm    .     e - +0 robe
rNeg   . . .     Faith    .     (no shield)
rPois  .         Spirit   .     (helmet restricted)
rElec  .         Dismiss  .     q - +0 cloak {MR+}
rCorr  .         Reflect  .     (gloves unavailable)
SustAt .         Harm     .     (boots unavailable)
MR     +....     Clarity  +     (no amulet)
Stlth  +.........               (no ring)
                                (no ring)

@: lethally poisoned (-1 -> -3), somewhat resistant to hostile enchantments,
very unstealthy
A: unfitting armour, talons 1, yellow scales 1, clarity, tough skin 1
a: no special abilities


You were on level 3 of the Dungeon.
You were not hungry.

You visited 1 branch of the dungeon, and saw 3 of its levels.

You collected 75 gold pieces.

Inventory:

Hand Weapons
 a - a +0 club (weapon)
 b - a +0 hunting sling
 k - a +0 short sword
Missiles
 h - 43 bolts
 j - 15 sling bullets
Armour
 e - a +0 robe (worn)
 q - a +0 cloak of magic resistance (worn)
Scrolls
 l - a scroll of noise {unknown}
 n - a scroll of blinking {unknown}
 o - 2 scrolls of identify {unknown}
 r - a scroll of immolation {unknown}
 t - a scroll of fear {unknown}
Potions
 g - a potion of magic {unknown}
 m - a potion of agility {unknown}
Comestibles
 f - a bread ration
 s - a beef jerky


   Skills:
 + Level 2.8 Fighting
 * Level 1.3 Maces & Flails
 + Level 0.7(2.1) Slings
 + Level 4.3(4.4) Throwing
 + Level 2.1 Dodging
 + Level 1.4 Stealth


You had 2 spell levels left.
You didn't know any spells.

Dungeon Overview and Level Annotations

Branches:
Dungeon (3/15)

Altars:


Innate Abilities, Weirdness & Mutations

You are too large for most types of armour.
You have tough skin (AC +1).
You have sharp toenails.
You are partially covered in yellow scales (AC +2).
You possess an exceptional clarity of mind.


Message History

The orc wizard hits you but does no damage.
You miss the orc wizard. The orc wizard closely misses you.
You hit the orc wizard.
The orc wizard is lightly wounded.
The orc wizard hits you with a dagger of freezing.
* * * LOW HITPOINT WARNING * * *
The orc wizard freezes you.
* * * LOW HITPOINT WARNING * * *
The orc wizard hits you with a dagger of freezing.
* * * LOW HITPOINT WARNING * * *
The orc wizard freezes you.
* * * LOW HITPOINT WARNING * * *
Drink which item? (? for menu, Esc to quit)
You can't drink that!
Drink which item? (? for menu, Esc to quit)
It was a potion of mutation.
You feel extremely strange.
Yellow scales grow over part of your body.
Your toenails lengthen and sharpen.
Your thoughts seem clearer.
The orc wizard hits you with a dagger of freezing.
You die...

# #.# ####
#.#.#..
...((.
#.#.#(######
#....g....<#
#.#o##.#.#
#.@..#.#
######.# ..#
..# #.# ..#


You could see an orc wizard and a hobgoblin.

Vanquished Creatures
  2 adders (D:3)
  A giant gecko (D:1)
  2 orcs (D:3)
  2 giant cockroaches (D:1)
  6 goblins (D:1)
  2 hobgoblins (D:1)
  6 bats (D:1)
  A kobold (D:1)
  3 rats (D:1)
25 creatures vanquished.

Notes
Turn   | Place    | Note
--------------------------------------------------------------
     0 | D:1      | Psiweapon the Ogre Hunter began the quest for the Orb.
     0 | D:1      | Reached XP level 1. HP: 22/22 MP: 1/1
    32 | D:1      | Reached skill level 1 in Stealth
   124 | D:1      | Reached XP level 2. HP: 29/29 MP: 2/2
   830 | D:1      | Reached XP level 3. HP: 36/36 MP: 3/3
  1035 | D:3      | Reached skill level 1 in Maces & Flails
  1055 | D:3      | Gained mutation: You are partially covered in yellow scales (AC +2). [potion of mutation]
  1055 | D:3      | Gained mutation: You have sharp toenails. [potion of mutation]
  1055 | D:3      | Gained mutation: You possess an exceptional clarity of mind. [potion of mutation]
  1055 | D:3      | Slain by an orc wizard

Vault maps used:
D:1:      mrwooster_arrival_statue_3
D:2:      minmay_misc_feat_nine_boxes
D:3:      first_bread, ecumenical_altar_1, uniq_terence

Action                   || total
-------------------------++-------
Melee: Short sword       ||    14
       Club              ||    39
 Fire: Hunting sling     ||    33
Throw: Large rock        ||     5
       Throwing net      ||     2
  Use: Potion            ||     1
